AoeStats
← SteiL

Arena

509837533Analyzed
1v1 RM · 3d ago on Sep 28, 2026· 57m 8s· 2 players
Game mode
Random Map
Map size
Tiny (2 player)
Population
200
Speed
Normal
Resources
Standard
Victory
Conquest
Starting age
Dark Age
Ending age
Imperial Age
RankedLock teamsTeams togetherTeam positionsShared explorationLock speedFull tech treeHidden civsTurbo modeCheats
Victory
Defeat
🇺🇸 Mongols · United States
1102
+17
🇩🇪 Turks · Germany
1126
-17
fingerless7597
10:59 Feudal Age
14:38 Castle Age
12:26 Horse Collar
13:31 Double-Bit Axe
15:51 Wheelbarrow
17:42 Heavy Plow
18:22 Loom
19:26 Bow Saw
20:02 Forging
20:50 Scale Barding Armor
21:42 Bloodlines
22:20 Husbandry
23:33 Iron Casting
23:14 Town Watch
24:27 Gold Mining
24:29 Stone Mining
25:11 Chain Barding Armor
25:07 Light Cavalry
29:09 Gold Shaft Mining
32:11 Imperial Age
29:58 Hand Cart
32:27 Nomads
33:54 Blast Furnace
34:26 Conscription
33:34 Hussar
34:17 Fletching
34:28 Padded Archer Armor
35:22 Ballistics
36:03 Chemistry
34:46 Heavy Camel Rider
36:12 Bodkin Arrow
37:22 Bracer
37:37 Leather Archer Armor
40:31 Elite Mangudai
43:24 Town Patrol
SteiL
0:27 Loom
11:37 Feudal Age
15:59 Castle Age
14:15 Horse Collar
16:10 Double-Bit Axe
19:39 Sanctity
20:38 Fervor
21:55 Heavy Plow
23:02 Town Watch
24:23 Wheelbarrow
25:31 Fortified Wall
26:44 Bow Saw
28:02 Bloodlines
30:36 Imperial Age
28:54 Husbandry
29:02 Scale Barding Armor
29:08 Forging
30:11 Chain Barding Armor
31:19 Ballistics
31:38 Iron Casting
32:31 Plate Barding Armor
31:21 Heavy Camel Rider
32:29 Masonry
33:08 Conscription
34:07 Blast Furnace
35:01 Fletching
35:24 Artillery
36:09 Bodkin Arrow
37:58 Hoardings
38:42 Elite Janissary
39:25 Bracer
39:26 Padded Archer Armor
42:08 Leather Archer Armor
42:27 Architecture
46:26 Ring Archer Armor
56:02 Hand Cart
Connection lost

Rejoining the realm…

Still unreachable

The connection could not be restored.

Session expired

The server has moved on; the page needs a fresh start.